 Dungeon Crawl Stone Soup version 0.25-a0-435-g4b9beb1024 (webtiles) character file.

Game seed: 6639993090124747865, levelgen mode: classic

182 EnegeticOcto the Skirmisher (level 5, -9/43 HPs)
             Began as a Mummy Chaos Knight on Jan 26, 2020.
             Was a Plaything of Xom.
             Mangled by an orc wizard
             ... wielding a +0 dagger of electrocution
              (11 damage)
             ... on level 3 of the Dungeon.
             The game lasted 00:02:47 (2377 turns).

EnegeticOcto the Skirmisher (Mummy Chaos Knight)    Turns: 2377, Time: 00:02:48

Health: -9/43      AC:  9    Str: 15    XL:     5   Next: 34%
Magic:  5/5        EV: 10    Int: 13    God:    Xom [.*....]
Gold:   113        SH:  4    Dex: 11    Spells: 4/4 levels left

rFire    x . .     SeeInvis .   i - +3 dagger
rCold    + . .     Gourm    .   d - +0 buckler
rNeg     + + +     Faith    .   h - +0 chain mail
rPois    ∞         Spirit   .   (no helmet)
rElec    .         Reflect  .   (no cloak)
rCorr    .         Harm     .   (no gloves)
MR       .....                  g - +0 pair of boots
Stlth    ..........             (no amulet)
HPRegen  0.14/turn              m - +4 ring of evasion
MPRegen  0.09/turn              (no ring)

@: slowed, very slow
A: no food or potions, fire vulnerability, cold resistance 1, negative energy
resistance 3, torment resistance, unbreathing
a: Renounce Religion


You were on level 3 of the Dungeon.
You worshipped Xom.
You were a plaything of Xom.
You were not hungry.

You visited 1 branch of the dungeon, and saw 3 of its levels.

You collected 113 gold pieces.

Inventory:

Hand Weapons
 a - a +0 short sword of chaos
 i - a +3 dagger (weapon)
Armour
 b - a +2 leather armour
 d - a +0 buckler (worn)
 g - a +0 pair of boots (worn)
 h - a +0 chain mail (worn)
Jewellery
 m - a +4 ring of evasion (left hand)
Scrolls
 c - a scroll of enchant weapon {unknown}
 e - a scroll of amnesia
 j - a scroll of noise
 l - 4 scrolls of enchant armour


   Skills:
 + Level 4.3 Fighting
 + Level 3.6 Short Blades
 - Level 1.5 Armour
 - Level 0.7 Dodging
 + Level 2.0 Shields


You had 4 spell levels left.
You didn't know any spells.
Your spell library was empty.

Dungeon Overview and Level Annotations

Branches:
Dungeon (3/15)

Altars:
Ashenzari
Cheibriados
Dithmenos
Kikubaaqudgha
Okawaru
Sif Muna
Xom


Innate Abilities, Weirdness & Mutations

You do not eat or drink.
Your flesh is vulnerable to fire.
You are immune to poison.
Your flesh is cold resistant. (rC+)
You are immune to negative energy. (rN+++)
You are immune to unholy pain and torment.
You can survive without breathing.


Message History

The javelin closely misses the orc wizard.
The orc hits you but does no damage.
The orc wizard points at you and mumbles some strange words.
You resist with some effort. The orc hits you.
The orc wizard casts a spell.
The orc wizard blinks!
Throwing (i - inventory)
f - 3 javelins (quivered)
Press: ? - help, Shift-Dir - straight line, p - orc wizard You throw a javelin.
The javelin barely misses the orc.
The javelin closely misses the orc.
The javelin closely misses the orc wizard.
You block the orc's attack.
The orc wizard casts a spell.
The orc wizard blinks!
Throwing (i - inventory)
f - 2 javelins (quivered)
Press: ? - help, Shift-Dir - straight line, f - orc
Aim: an orc
Okay, then.
You hit the orc.
The orc is severely wounded.
The orc closely misses you.
Throwing (i - inventory)
f - 2 javelins (quivered)
Press: ? - help, Shift-Dir - straight line, f - orc
Aim: an orc, wielding a +0 flail and wearing a +0 chain mail You throw a javelin.
The javelin pierces through the orc!
You kill the orc!
The javelin closely misses the orc.
You miss the orc wizard.
The orc wizard is lightly wounded.
The orc wizard hits you but does no damage.
You are electrocuted!
You hit the orc wizard.
The orc wizard is moderately wounded.
The orc wizard barely misses you.
Your chain mail prevents you from hitting the orc wizard.
The orc wizard is moderately wounded.
The orc wizard mumbles some strange words.
The orc wizard blinks!
You hit the orc but do no damage. The orc barely misses you.
Throwing (i - inventory)
f - a javelin (quivered)
Press: ? - help, Shift-Dir - straight line, f - orc wizard, p - orc
Aim: an orc wizard, wielding a +0 dagger of electrocution and wearing a +0 robe (moderately wounded, fast)
You throw a javelin. The javelin barely misses the orc.
The javelin pierces through the orc wizard.
The orc wizard is moderately wounded.
The orc wizard mumbles some strange words.
The orc wizard blinks!
You block the orc's attack.
The orc wizard mumbles some strange words.
The orc wizard blinks!
You block the orc's attack.
The orc wizard gestures wildly while chanting.
The orc wizard blinks!
You see here a javelin.
f - a javelin The orc hits you with a +0 flail.
Throwing (i - inventory)
f - a javelin (quivered)
Press: ? - help, Shift-Dir - straight line, f/p - orc wizard
Aim: an orc wizard, wielding a +0 dagger of electrocution and wearing a +0 robe (moderately wounded, fast)
You throw a javelin.
The javelin pierces through the orc but does no damage.
The javelin pierces through the orc wizard.
The orc wizard is severely wounded.
The orc wizard mumbles some strange words.
The orc wizard blinks!
The orc wizard points at you and mumbles some strange words.
You feel yourself slow down. The orc hits you with a +0 flail.
You hit the orc.
The orc is heavily wounded.
The orc closely misses you.
You hit the orc wizard but do no damage.
The orc wizard is severely wounded.
The orc wizard mumbles some strange words.
The orc wizard blinks!
The orc hits you but does no damage.
You barely miss the orc.
The orc is heavily wounded.
The orc barely misses you.
You hit the orc.
The orc is heavily wounded.
You block the orc's attack.
You hit the orc wizard but do no damage.
The orc wizard is severely wounded.
The orc wizard hits you with a +0 dagger of electrocution.
You are electrocuted!
* * * LOW HITPOINT WARNING * * *
A shower of butterflies erupts from you!
You emit a cloud of colourful smoke!
The orc closely misses you.
The orc wizard points at you and mumbles some strange words.
The magic dart hits you.
* * * LOW HITPOINT WARNING * * *
You hit the orc wizard but do no damage.
The orc wizard is severely wounded.
You block the orc wizard's attack. The orc hits you with a +0 flail.
* * * LOW HITPOINT WARNING * * *
The orc wizard hits you but does no damage.
You closely miss the orc wizard.
The orc wizard is severely wounded.
The orc wizard hits you but does no damage.
You are electrocuted!
You die...

#.....#....# #
#.....#)...# #
#.....#....# #
#.....#....# #####
#(....#....# #....
#.....#....# #....
#...§.#....# #....
#.....###'############
#....
#(....†(.....o@§.....#
#####
####.###.b...o§§.....###
#.###.....b.........#
#.#......bb#####....#
#.#........# #....# ####
#.+........# #....# #...
###........# #....# #...
##...##### #....# #.#...
#.### #....# #..###


You could see an orc wizard and an orc.

Vanquished Creatures
  A howler monkey (D:3)
  A worker ant (D:3)
  4 adders
  2 worms (D:3)
  A dart slug (D:1)
  2 leopard geckos
  8 orcs (D:3)
  3 giant cockroaches
  9 goblins
  A hobgoblin (D:2)
  11 kobolds
  13 bats
  4 frilled lizards
  10 rats
70 creatures vanquished.

Notes
Turn   | Place    | Note
-------+----------+-------------------------------------------
     0 | D:1      | EnegeticOcto the Mummy Chaos Knight began the quest for the
                  | Orb.
     0 | D:1      | Reached XP level 1. HP: 18/18 MP: 1/1
   119 | D:1      | XOM: harmless Hex miscast
   141 | D:1      | Reached XP level 2. HP: 20/24 MP: 2/2
   467 | D:1      | XOM: harmless Chrm miscast
   562 | D:1      | XOM: confuse monster(s)
   736 | D:1      | Reached XP level 3. HP: 29/29 MP: 3/3
   969 | D:2      | Found an ancient bone altar of Kikubaaqudgha.
   969 | D:2      | Found a shimmering altar of Xom.
   969 | D:2      | Found a shattered altar of Ashenzari.
   969 | D:2      | Found a shadowy altar of Dithmenos.
  1039 | D:2      | Reached skill level 1 in Shields
  1106 | D:2      | Found a snail-covered altar of Cheibriados.
  1116 | D:2      | You fall into a shaft and drop 1 floor!
  1195 | D:3      | Found an iron altar of Okawaru.
  1226 | D:3      | Reached XP level 4. HP: 34/37 MP: 4/4
  1651 | D:2      | XOM: stat loss: -1 Str (14/15)
  1704 | D:2      | XOM: harmless Summ miscast
  1770 | D:3      | Reached skill level 4 in Fighting
  1837 | D:3      | XOM: harmless Pois miscast
  1890 | D:3      | Reached XP level 5. HP: 17/42 MP: 5/5
  1894 | D:3      | XOM: harmless Ice miscast
  2053 | D:3      | XOM: harmless Fire miscast
  2126 | D:3      | XOM: god gift: 4 rations
  2269 | D:3      | Found a shimmering blue altar of Sif Muna.
  2375 | D:3      | XOM: butterfly on damage
  2375 | D:3      | XOM: smoke on damage
  2376 | D:3      | HP: 2/43 [orc/+0 flail (6)]
  2377 | D:3      | Mangled by an orc wizard

Levels and vault maps discovered:
D:1:      dpeg_arrival_simpleton_c, layout_basic, minmay_tree_intersection,
          minmay_heptomino_w4
D:2:      layout_rooms, chequers_temple_overflow_statue_of_worship,
          lemuel_crystal_altar, eino_curves_02
D:3:      layout_basic, okawaru_ov_weapons_minmay, lemuel_crystal_altar

Skill      XL: |  1  2  3  4  5 |
---------------+----------------+-----
Short Blades   | 3 |  3.6
Shields        | 1 2 |  2.0
Fighting       | 4 |  4.3
Armour         | |  1.5
Dodging        | |  0.7

Action                   |  1- 3 |  4- 6 || total
-------------------------+-------+-------++-------
Melee: Short sword       |    63 |       ||    63
       Dagger            |    77 |   152 ||   229
Throw: Javelin           |       |     5 ||     5
  Use: Scroll            |     2 |     3 ||     5
 Stab: Paralysed         |     1 |       ||     1
Armor: Leather armour    |    21 |       ||    21
       Chain mail        |    55 |    67 ||   122
Dodge: Dodged            |    37 |    57 ||    94
Block: Buckler           |    11 |    24 ||    35

Table legend:
 A = Non-vault XP
 B = Vault XP
 C = Vault XP percentage of total XP
 D = Non-vault monster count
 E = Vault monster count
 F = Vault count percentage of total count
                 A         B        C        D         E       F
            +---------+---------+-------+---------+---------+-------
      Total |     251 |       9 |   3.5 |      63 |       7 |  10.0
            +---------+---------+-------+---------+---------+-------
        D:1 |      42 |       9 |  17.6 |      23 |       7 |  23.3
        D:2 |      52 |       0 |   0.0 |      19 |       0 |   0.0
        D:3 |     157 |       0 |   0.0 |      21 |       0 |   0.0
            +---------+---------+-------+---------+---------+-------
